 Dungeon Crawl Stone Soup version 0.28.0-43-g3370ac3207 (webtiles) character file.

Game seed: 7509757085654174605

79 styxcanada the Sneak (level 4, -2/23 HPs)
             Began as a Spriggan Brigand on Mar 15, 2022.
             Killed from afar by Sigmund (8 damage)
             ... with a magic dart
             ... on level 2 of the Dungeon.
             The game lasted 00:06:53 (1917 turns).

styxcanada the Sneak (Spriggan Brigand)             Turns: 1917, Time: 00:06:54

Health: -2/23      AC:  3    Str:  7    XL:     4   Next: 17%
Magic:  6/6        EV: 17    Int: 12    God:
Gold:   79         SH:  0    Dex: 18    Spells: 4/4 levels left

rFire   . . .      SeeInvis +   k - +11 long sword of Kocvuepu {freeze, rPois Stlth+}
rCold   . . .      Faith    .   (no shield)
rNeg    . . .      Spirit   .   b - +0 robe
rPois   +          Reflect  .   (helmet restricted)
rElec   .          Harm     .   c - +0 cloak
rCorr   .          Rampage  .   (gloves unavailable)
Will    .....                   (boots unavailable)
Stlth   +++++.....              (no amulet)
HPRegen 0.07/turn               (no ring)
MPRegen 0.10/turn               (no ring)

@: very quick
A: very small, no large weapons, unfitting armour, see invisible, speed 3
a: no special abilities


You were on level 2 of the Dungeon.
You visited 1 branch of the dungeon, and saw 2 of its levels.

You collected 79 gold pieces.

Inventory:

Hand Weapons
 a - a +2 dagger
 k - the +11 long sword of Kocvuepu (weapon) {freeze, rPois Stlth+}
   (You found it on level 2 of the Dungeon)

   It freezes those it strikes, dealing additional cold damage.
   It can also slow down cold-blooded creatures.
   rPois:     It protects you from poison.
   Stlth:     It makes you more stealthy.
Missiles
 e - 2 curare-tipped darts (quivered)
 h - 80 stones
Armour
 b - a +0 robe (worn)
 c - a +0 cloak (worn)
Scrolls
 i - a scroll of teleportation {unknown}
 j - a scroll of noise {unknown}
Potions
 f - a potion of berserk rage {unknown}
 g - a potion of heal wounds {unknown}


   Skills:
 * Level 1.8 Fighting
 + Level 2.4 Short Blades
 + Level 2.1 Throwing
 * Level 2.5 Dodging
 * Level 7.6 Stealth
 * Level 0.7 Spellcasting


You had 4 spell levels left.
You didn't know any spells.
Your spell library contained the following spells:

 Spells                   Type           Power      Damage    Failure   Level
 Scorch                   Fire           0%         2d5       43%         2
 Flame Wave               Conj/Fire      0%         2d4       97%         4
 Summon Cactus Giant      Summ           0%         N/A       100%        6


Dungeon Overview and Level Annotations

Branches:
Dungeon (2/15)

Altars:

Annotations:
D:2 Sigmund


Innate Abilities, Weirdness & Mutations

You are very small and have problems with some larger weapons.
You are too small for most types of armour.
You have supernaturally acute eyesight. (SInv)
You cover ground extremely quickly. (Speed+++)


Message History

You throw a poisoned dart. The poisoned dart hits Sigmund.
Sigmund is poisoned.
Sigmund mumbles some strange words.
Sigmund flickers and vanishes for a moment.
Throw: 6 darts (poison)
Press: ? - help, Q - select action, (/) - cycle Shift-Dir - straight line, f/p - Sigmund
Aim: Sigmund, wielding a +0 scythe of flaming and wearing a +0 robe (moderately wounded, unusually resistant, slightly transparent, 58% to hit)
You throw a poisoned dart.
The poisoned dart barely misses Sigmund.
Throw: 5 darts (poison)
Press: ? - help, Q - select action, (/) - cycle Shift-Dir - straight line, f/p - Sigmund
Aim: Sigmund, wielding a +0 scythe of flaming and wearing a +0 robe (moderately wounded, unusually resistant, slightly transparent, 58% to hit)
You throw a poisoned dart. The poisoned dart hits Sigmund.
Sigmund is poisoned.
Sigmund is moderately wounded.
Throw: 4 darts (poison)
Press: ? - help, Q - select action, (/) - cycle Shift-Dir - straight line, f/p - Sigmund
Aim: Sigmund, wielding a +0 scythe of flaming and wearing a +0 robe (moderately wounded, unusually resistant, slightly transparent, poisoned, 58% to hit)
You throw a poisoned dart. The poisoned dart hits Sigmund.
Sigmund is moderately wounded.
Sigmund laughs darkly.
Throw: 3 darts (poison)
Press: ? - help, Q - select action, (/) - cycle Shift-Dir - straight line, f/p - Sigmund
Aim: Sigmund, wielding a +0 scythe of flaming and wearing a +0 robe (moderately wounded, unusually resistant, slightly transparent, poisoned, 58% to hit)
You throw a poisoned dart.
The poisoned dart closely misses Sigmund.
Sigmund says, "Don't worry, I'll kill you fast."
Throw: 2 darts (poison)
Press: ? - help, Q - select action, (/) - cycle Shift-Dir - straight line, f/p - Sigmund
Aim: Sigmund, wielding a +0 scythe of flaming and wearing a +0 robe (moderately wounded, unusually resistant, slightly transparent, poisoned, 58% to hit)
You throw a poisoned dart. The poisoned dart hits Sigmund.
Sigmund is moderately wounded.
A necrophage comes into view.
Throw: dart (poison)
Press: ? - help, Q - select action, (/) - cycle Shift-Dir - straight line, f/p - Sigmund
Aim: Sigmund, wielding a +0 scythe of flaming and wearing a +0 robe (heavily wounded, unusually resistant, slightly transparent, poisoned, 58% to hit)
You throw a poisoned dart. The poisoned dart hits Sigmund.
Sigmund is heavily wounded.
Sigmund looks more healthy.
Sigmund points at you and mumbles some strange words.
The magic dart hits you!
You die...

##...##.# #.
##.....######.
#....)..##....
#...†...##.###
#.......##.###
##.....###.##.
##...##...#..
######+#######'##...##..
.......@............##..
..............@(..((....
.....n.............##...
######+#######'##..##.##
##...##.##.#.
##.....##.#.#.
#......†#.#...
#.......#.†)#.
#.......##..#.


You could see Sigmund (resistant, invisible) and a necrophage.

Vanquished Creatures
  A gnoll (D:1)
  An adder (D:2)
  2 dart slugs (D:1)
  5 ball pythons
  4 bats
  2 endoplasms
  3 giant cockroaches (D:1)
  8 goblins
  6 hobgoblins
  4 jackals
  4 quokkas
  3 frilled lizards (D:1)
  4 kobolds
  4 rats
51 creatures vanquished.

Notes
Turn   | Place    | Note
-------+----------+-------------------------------------------
     0 | D:1      | styxcanada the Spriggan Brigand began the quest for the
                  | Orb.
     0 | D:1      | Reached XP level 1. HP: 10/10 MP: 2/2
    74 | D:1      | Reached skill level 6 in Stealth
   121 | D:1      | Reached XP level 2. HP: 7/14 MP: 3/3
   660 | D:1      | Reached skill level 7 in Stealth
   870 | D:1      | Reached XP level 3. HP: 18/18 MP: 4/4
  1713 | D:2      | Reached XP level 4. HP: 23/23 MP: 6/6
  1823 | D:2      | Identified the +11 long sword of Kocvuepu {freeze, rPois
                  | Stlth+}
  1884 | D:2      | Noticed Sigmund
  1913 | D:2      | Noticed a necrophage
  1917 | D:2      | Killed from afar by Sigmund

Illustrated notes

Levels and vault maps discovered:
D:1:      dpeg_arrival_brainrot, layout_loops_ring
D:2:      kennysheep_six_static_rooms, layout_rooms, st_stairs_3,
          skrybe_limestone_x, uniq_sigmund

Skill      XL: |  1  2  3 |
---------------+----------+-----
Stealth        | 6 7 |  7.6
Dodging        | 2 |  2.5
Fighting       | |  1.8
Short Blades   | |  2.4
Throwing       | |  2.1
Spellcasting   | |  0.7

Action                   |  1- 3 |  4- 6 || total
-------------------------+-------+-------++-------
Melee: Dagger            |   107 |    10 ||   117
       Long sword        |       |    11 ||    11
       Punch             |       |     1 ||     1
Throw: Dart              |    19 |     8 ||    27
 Stab: Sleeping          |    12 |     4 ||    16
Armor: Robe              |    18 |       ||    18
Dodge: Dodged            |    85 |    19 ||   104
